 Dungeon Sprint DCSS version 0.27-a0-1378-gdefffd1ff6 (webtiles) character file.

Game seed: 8710458205023415210

1204 mhtbhm the Thaumaturge (level 8, -3/43 HPs)
             Began as a Deep Elf Earth Elementalist on June 29, 2021.
             Was a Believer of Vehumet.
             Killed from afar by an efreet (34 damage)
             ... with a fireball
             ... in the Dungeon (Sprint IX: "|||||||||||||||||||||||||||||").
             The game lasted 00:02:04 (780 turns).

mhtbhm the Thaumaturge (Deep Elf Earth Elementalist) Turns: 780, Time: 00:02:05

Health: -3/43      AC:  4    Str: 11    XL:     8   Next: 21%
Magic:  13/28      EV: 15    Int: 23    God:    Vehumet [**....]
Gold:   0          SH:  0    Dex: 15    Spells: 21/36 levels left

rFire    . . .     SeeInvis .   l - +2 rapier (drain)
rCold    . . .     Faith    .   (no shield)
rNeg     . . .     Spirit   .   b - +0 robe
rPois    .         Reflect  .   n - +0 helmet
rElec    .         Harm     .   (no cloak)
rCorr    .         Rampage  .   (no gloves)
Will     .....     NoTele   +   m - +0 pair of boots
Stlth    +++.......             (no amulet)
HPRegen  0.14/turn              p - +3 ring of strength
MPRegen  0.21/turn              o - +3 ring of strength

@: no status effects
A: no striking features
a: Renounce Religion


You were in the Dungeon.
You worshipped Vehumet.
Vehumet was pleased with you.
You visited 1 branch

Inventory:

Hand Weapons
 l - a +2 rapier of draining (weapon)
Missiles
 i - 12 stones
Armour
 b - a +0 robe (worn)
 m - a +0 pair of boots (worn)
 n - a +0 helmet (worn)
Jewellery
 o - a +3 ring of strength (right hand)
 p - a +3 ring of strength (left hand)
Wands
 k - a wand of iceblast (9)
Scrolls
 h - a scroll of blinking
 j - 2 scrolls of amnesia
Potions
 a - a potion of invisibility
 c - 4 potions of curing
 d - a potion of heal wounds
 e - a potion of haste
 f - 4 potions of magic


   Skills:
 + Level 1.2 Fighting
 + Level 1.9 Short Blades
 + Level 7.1 Dodging
 + Level 5.9 Stealth
 + Level 14.7 Spellcasting
 + Level 1.1 Transmutations
 + Level 12.7 Earth Magic
 + Level 0.5 Evocations


You had 21 spell levels left.
You knew the following spells:

 Your Spells              Type           Power      Damage    Failure   Level
a - Sandblast             Erth           100%       2d20      1%          1
b - Passwall              Tmut/Erth      40%        N/A       1%          2
c - Stone Arrow           Conj/Erth      92%        3d12      1%          3
d - Lee's Rapid Deconstr  Erth           33%        3d18*     1%          5
e - Petrify               Tmut/Erth      49%        N/A       1%          4

Your spell library contained the following spells:

 Spells                   Type           Power      Damage    Failure   Level
 Searing Ray              Conj           32%        3d4       5%          2


Dungeon Overview and Level Annotations

Branches:
Dungeon (1/1)

Altars:
Cheibriados
Dithmenos
Elyvilon
Fedhas
Gozag
Hepliaklqana
Kikubaaqudgha
Makhleb
Nemelex Xobeh
Okawaru
Qazlal
Ru
Sif Muna
Trog
Uskayaw
Vehumet
Wu Jian
Xom
Yredelemnul
Zin
The Shining One
Beogh
Jiyva
Lugonu


Message History

The skeletal warrior barely misses you.
Unknown command.
Unknown command.
Casting: Lee's Rapid Deconstruction (dangerous; 1% risk of failure)
Confirm with . or Enter, or press ? or * to list all spells.
Aiming: Lee's Rapid Deconstruction (dangerous; 1% risk of failure)
Press: ? - help, Dir - move target, f/p - skeletal warrior Fragment what (e.g. wall or brittle monster)?: a skeletal warrior, wielding a +0 halberd (heavily damaged)
The skeletal warrior shatters!!
The skeletal warrior is almost destroyed.
The blast of bone shards hits the cyclops!!
You kill the cyclops!
Vehumet accepts your kill.
Vehumet offers you knowledge of Searing Ray.
You feel your power returning.
The deep elf pyromancer gestures wildly while chanting.
The deep elf pyromancer blinks!
The skeletal warrior hits you from afar with a +0 halberd!
Your Fighting skill increases to level 1!
Your Dodging skill increases to level 7!
Your Spellcasting skill increases to level 14!
You have reached level 8!
You feel clever.
Casting: Lee's Rapid Deconstruction (dangerous; 1% risk of failure)
Confirm with . or Enter, or press ? or * to list all spells.
Aiming: Lee's Rapid Deconstruction (dangerous; 1% risk of failure)
Press: ? - help, Dir - move target, f/p - skeletal warrior Fragment what (e.g. wall or brittle monster)?: a skeletal warrior, wielding a +0 halberd (almost destroyed)
The skeletal warrior shatters!!
You blow up the skeletal warrior!
Vehumet accepts your kill.
The blast of bone shards hits the efreet!!
The efreet is heavily wounded.
The blast of bone shards hits the deep elf pyromancer!!!
You kill the deep elf pyromancer!
Vehumet accepts your kill. The efreet gestures at you.
The fireball explodes!
The fireball engulfs you!!
Ouch! That really hurt!
You die... ▓▓▓▓▓▓▓▓▓▓▓▓▓▓▓▓▓▓▓▓▓▓▓▓ §uQ°R))@.....)).[...)..' ▓▓▓▓▓▓▓▓▓▓▓▓▓▓▓▓▓▓▓▓▓▓▓▓

You could see a red ugly thing, a tengu warrior and an efreet.

Vanquished Creatures
  A skeletal warrior (D)
  A deep elf pyromancer (D)
  A cyclops (D)
  2 shadows (D)
  2 centaurs (D)
  A necrophage (D)
  A phantom (D)
  A kobold brigand (D)
  A howler monkey (D)
  2 hounds (D)
  An orc wizard (D)
  A giant cockroach (D)
  A goblin (D)
  2 bats (D)
  A rat (D)
19 creatures vanquished.

Notes
Turn   | Place    | Note
-------+----------+-------------------------------------------
     0 | D        | mhtbhm the Deep Elf Earth Elementalist began the quest for
                  | the Orb.
     0 | D        | Reached XP level 1. HP: 10/10 MP: 6/6
   255 | D        | Noticed a phantom
   255 | D        | Noticed a necrophage
   255 | D        | Noticed a hound
   255 | D        | Noticed a hound
   255 | D        | Noticed an orc wizard
   257 | D        | Killed an orc wizard
   258 | D        | Reached skill level 5 in Spellcasting
   258 | D        | Reached skill level 5 in Earth Magic
   258 | D        | Reached XP level 2. HP: 15/15 MP: 6/10
   258 | D        | Reached XP level 3. HP: 19/19 MP: 6/11
   260 | D        | Reached skill level 6 in Spellcasting
   264 | D        | Reached skill level 7 in Spellcasting
   264 | D        | Reached XP level 4. HP: 8/24 MP: 0/15
   265 | D        | Killed a necrophage
   266 | D        | Reached skill level 5 in Dodging
   266 | D        | Reached skill level 8 in Spellcasting
   266 | D        | Reached XP level 5. HP: 28/28 MP: 0/18
   278 | D        | Killed a phantom
   279 | D        | Reached skill level 9 in Spellcasting
   411 | D        | Found a snail-covered altar of Cheibriados.
   411 | D        | Found a shadowy altar of Dithmenos.
   411 | D        | Found a white marble altar of Elyvilon.
   411 | D        | Found a blossoming altar of Fedhas.
   411 | D        | Found an opulent altar of Gozag.
   412 | D        | Found a hazy altar of Hepliaklqana.
   413 | D        | Found a viscous altar of Jiyva.
   414 | D        | Found an ancient bone altar of Kikubaaqudgha.
   415 | D        | Found a corrupted altar of Lugonu.
   416 | D        | Found a burning altar of Makhleb.
   417 | D        | Found a sparkling altar of Nemelex Xobeh.
   418 | D        | Found an iron altar of Okawaru.
   419 | D        | Found a stormy altar of Qazlal.
   420 | D        | Found a sacrificial altar of Ru.
   421 | D        | Found a shimmering blue altar of Sif Muna.
   422 | D        | Found a bloodstained altar of Trog.
   423 | D        | Found a hide-covered altar of Uskayaw.
   424 | D        | Found a radiant altar of Vehumet.
   425 | D        | Found an ornate altar of the Wu Jian Council.
   426 | D        | Found a shimmering altar of Xom.
   427 | D        | Found a basalt altar of Yredelemnul.
   428 | D        | Found a glowing silver altar of Zin.
   429 | D        | Found a glowing golden altar of the Shining One.
   434 | D        | Became a worshipper of Vehumet
   477 | D        | Learned a level 2 spell: Passwall
   481 | D        | Learned a level 3 spell: Stone Arrow
   487 | D        | Learned a level 5 spell: Lee's Rapid Deconstruction
   492 | D        | Learned a level 4 spell: Petrify
   492 | D        | Noticed a shadow
   492 | D        | Noticed a shadow
   492 | D        | Noticed a centaur
   492 | D        | Noticed a centaur
   494 | D        | Killed a centaur
   495 | D        | Reached skill level 5 in Stealth
   495 | D        | Reached skill level 10 in Spellcasting
   495 | D        | Reached skill level 10 in Earth Magic
   495 | D        | Reached XP level 6. HP: 30/32 MP: 14/21
   497 | D        | Reached * piety under Vehumet
   497 | D        | Offered knowledge of Magic Dart by Vehumet.
   498 | D        | Reached skill level 11 in Spellcasting
   530 | D        | Killed a shadow
   531 | D        | Reached skill level 12 in Spellcasting
   531 | D        | Reached XP level 7. HP: 16/36 MP: 0/25
   554 | D        | Killed a shadow
   555 | D        | Reached skill level 13 in Spellcasting
   556 | D        | Reached ** piety under Vehumet
   557 | D        | Reached skill level 1 in Short Blades
   777 | D        | Noticed a deep elf pyromancer
   777 | D        | Noticed a red ugly thing
   777 | D        | Noticed a tengu warrior
   777 | D        | Noticed an efreet
   777 | D        | Noticed a cyclops
   777 | D        | Noticed a skeletal warrior
   779 | D        | Killed a cyclops
   779 | D        | Offered knowledge of Searing Ray by Vehumet.
   780 | D        | Reached skill level 1 in Fighting
   780 | D        | Reached skill level 14 in Spellcasting
   780 | D        | Reached XP level 8. HP: 31/43 MP: 18/28
   780 | D        | Killed a skeletal warrior
   780 | D        | Killed a deep elf pyromancer
   780 | D        | Killed from afar by an efreet

Illustrated notes

Levels and vault maps discovered:
D:        linesprint [early_d, line_temple, items_1, d_10, items_2, lair_1,
          lair_end, items_3, orc_1, orc_end, items_4, d_15, swamp_1, shoals_1,
          snake_1, spider_1, d_20, vaults_1, items_5, swamp_end, shoals_end,
          snake_end, spider_end, vaults_end, d_27, items_6, zot_1, zot_end,
          crypt_end, forest_end, elf_end, slime_end, tomb_end, abyss_end,
          pan_hell_end]

Skill      XL: |  1  2  3  4  5  6  7 |
---------------+----------------------+-----
Stealth        | 3 4 5 |  5.9
Earth Magic    | 5 7 8 10 11 12 | 12.7
Dodging        | 3 4 5 6 7 |  7.1
Spellcasting   | 5 7 8 10 12 14 | 14.7
Short Blades   | 1 |  1.9
Fighting       | 1 |  1.2
Transmutations | |  1.1
Evocations     | |  0.5

Action                   |  1- 3 |  4- 6 |  7- 9 || total
-------------------------+-------+-------+-------++-------
Melee: Rapier            |       |       |     6 ||     6
 Cast: Sandblast         |    15 |     3 |       ||    18
       Lee's Rapid Decon |       |     5 |     3 ||     8
Evoke: Wand              |       |       |     1 ||     1
  Use: Potion            |       |     2 |     2 ||     4
       Scroll            |       |     1 |       ||     1
Armor: Robe              |     4 |     1 |     2 ||     7
Dodge: Dodged            |     5 |     3 |     2 ||    10

Table legend: (Time is in decaauts)
 A = Elapsed time spent in this place.
 B = Non-inter-level travel time spent in this place.
 C = Inter-level travel time spent in this place.
 D = Time resting spent in this place.
 E = Time spent auto-exploring this place.
 F = Levels seen in this place.
 G = Mean time per level.
                   A        B        C        D        E       F      G
               +--------+--------+--------+--------+--------+-----+--------+
         Total |    788 |    788 |      0 |    542 |     52 |   1 |  788.0 |
       Dungeon |    788 |    788 |      0 |    542 |     52 |   1 |  788.0 |
               +--------+--------+--------+--------+--------+-----+--------+

Top non-repeatable levels by time:
       D: 788 daAuts
